[Event "Allsvenskan Div I 3 2023/2024: SS Manhem II - Team Pelaro Alingsas SS"]
[Site "Goteborgs schackcentrum, Vegatan 20, Gothenburg, Sweden"]
[Date "2023.10.22"]
[Round "1.1"]
[White "Rasti, Arvin"]
[Black "Svensson, Lars"]
[Result "1-0"]
[TimeControl "90 minutes for 40 moves + 30 minutes for the rest of the game + 30 seconds per move from move one."]
[WhiteTitle "FM"]
[WhiteFideId "1741160"]
[BlackFideId "1734466"]
[WhiteElo "2262"]
[BlackElo "2062"]

1. Nf3 Nf6 2. g3 d5 3. Bg2 e6 4. O-O Be7 5. c4 O-O 6. d4 dxc4 7. Qc2 a6 8. Qxc4 b5 9. Qc2 Bb7 10.
Bg5 Nbd7 11. Nbd2 Rc8 12. Bxf6 Nxf6 13. Nb3 Be4 14. Qc1 Bd6 15. Nc5 Bxc5 16. Qxc5 Qd5 17. Rfc1 Rfd8 18. a4 c6 19.
Qxd5 cxd5 20. axb5 axb5 21. Ne5 Rxc1+ 22. Rxc1 Bxg2 23. Kxg2 Ne8 24. Rc6 f6 25. Nd3 Kf7 26. Kf1 Ke7 27.
Nc5 Rd6 28. Rc8 Rb6 29. b4 e5 30. e3 e4 31. g4 g6 32. Ra8 h5 33. gxh5 gxh5 34. Ra7+ Kd8 35. Rd7+ Kc8 36. Rxd5 Nd6 37.
Rxh5 Rc6 38. d5 1-0

[Event "Allsvenskan Div I 3 2023/2024: SS Manhem II - Team Pelaro Alingsas SS"]
[Site "Goteborgs schackcentrum, Vegatan 20, Gothenburg, Sweden"]
[Date "2023.10.22"]
[Round "1.2"]
[White "Moller, Jan"]
[Black "Wengholm, Anders"]
[Result "0-1"]
[TimeControl "90 minutes for 40 moves + 30 minutes for the rest of the game + 30 seconds per move from move one."]
[WhiteFideId "1723766"]
[BlackFideId "1704818"]
[WhiteElo "2088"]
[BlackElo "2142"]

1. d4 d5 2. Nf3 e6 3. c4 Nf6 4. Nc3 Be7 5. Bg5 O-O 6. e3 Nbd7 7. cxd5 exd5 8. Bd3 c6 9. Qc2 Re8 10.
O-O h6 11. Bh4 Ne4 12. Bxe7 Qxe7 13. Rab1 Ng5 14. Be2 Nxf3+ 15. Bxf3 Nb6 16. Rfe1 Qh4 17. Rbc1 Bg4 18. Qe2 Bxf3 19. Qxf3 Rad8 20. b4 a6 21. a4 Qe7 22. b5 cxb5 23.
axb5 a5 24. Qe2 Qb4 25. Na2 Qd6 26. Nc3 Rc8 27. Qa2 a4 28. Rc2 Rc4 29. Rec1 Rec8 30. g3 h5 31. h4 g6 32. Kg2 Kg7 33.
Qb2 Qb4 34. Qa1 a3 35. Rb1 Qd6 36. Rbc1 Na4 37. Ne4 Qb4 38. Nc5 Nb2 39. b6 Ra8 40. Rxc4 Nxc4 41. e4 Qb2 42. exd5 Ne3+ 43.
Kg1 Nxd5 44. Nxb7 Nxb6 45. Nc5 Nc4 46. Nd3 Qxa1 47. Rxa1 Rd8 48. Ne5 Nxe5 49. dxe5 Rd3 50. Kf1 Kf8 51. Ke2 Rb3 52. Kd2 Ke7 53.
Rg1 Ke6 54. Rc1 Kxe5 55. Rc7 a2 56. Ra7 Rb2+ 57. Ke3 Kd5 58. f3 Kc4 59. g4 Kc3 0-1

[Event "Allsvenskan Div I 3 2023/2024: SS Manhem II - Team Pelaro Alingsas SS"]
[Site "Goteborgs schackcentrum, Vegatan 20, Gothenburg, Sweden"]
[Date "2023.10.22"]
[Round "1.3"]
[White "Bjorklund, Thomas"]
[Black "Bengtsson, Jessica"]
[Result "1/2-1/2"]
[TimeControl "90 minutes for 40 moves + 30 minutes for the rest of the game + 30 seconds per move from move one."]
[BlackTitle "WFM"]
[WhiteFideId "1724576"]
[BlackFideId "1711083"]
[WhiteElo "2129"]
[BlackElo "2046"]

1. e4 c5 2. c3 Nf6 3. e5 Nd5 4. d4 cxd4 5. cxd4 e6 6. Nf3 d6 7. Be2 Nc6 8. O-O Be7 9. b3 O-O 10.
Bb2 Nf4 11. Bb5 Qb6 12. Bxc6 Qxc6 13. Nbd2 dxe5 14. dxe5 b6 15. Rc1 Qd5 16. Rc4 Nd3 17. Ba1 Ba6 18. Rd4 Qc6 19. Nc4 Nb4 20.
Qd2 Rfd8 21. Rd1 Rxd4 22. Nxd4 Qc5 23. Rc1 Rc8 24. Bb2 Qd5 25. a3 Nc6 26. Nxc6 Rxc6 27. Qxd5 exd5 28. Ne3 Rxc1+ 29. Bxc1 Bb7 30. Kf1 Bg5 31. Bd2 Bf4 32. Bc3 Bxe3 33. fxe3 1/2-1/2

[Event "Allsvenskan Div I 3 2023/2024: SS Manhem II - Team Pelaro Alingsas SS"]
[Site "Goteborgs schackcentrum, Vegatan 20, Gothenburg, Sweden"]
[Date "2023.10.22"]
[Round "1.4"]
[White "Lisander, Stefan"]
[Black "Karle, Max"]
[Result "1/2-1/2"]
[TimeControl "90 minutes for 40 moves + 30 minutes for the rest of the game + 30 seconds per move from move one."]
[WhiteFideId "1711733"]
[BlackFideId "1713124"]
[WhiteElo "2029"]
[BlackElo "2042"]

1. e4 d5 2. exd5 Qxd5 3. Nc3 Qd6 4. Nf3 Nf6 5. Be2 a6 6. O-O e6 7. d4 Be7 8. Bg5 O-O 9. Qd2 Nbd7 10.
Rad1 b5 11. Bf4 Qb6 12. d5 b4 13. Na4 Qa5 14. dxe6 Qxa4 15. exd7 Bxd7 16. b3 Qa5 17. Ne5 Rad8 18. Nc4 Qc5 19.
Qe3 Rfe8 20. Rfe1 Qxe3 21. Nxe3 Bc5 22. Bxc7 Rc8 23. Bf4 Bb5 24. Bd3 h6 25. Nc4 Kf8 26. Kf1 Red8 27. h3 Nd5 28.
Bd2 Bd4 29. a4 bxa3 30. Nxa3 Bxd3+ 31. cxd3 Rb8 32. Rb1 Nb4 33. Bxb4+ Rxb4 34. Nc2 Rb6 35. Nxd4 Rxd4 36. Ke2 Rdb4 37.
Kd2 Rxb3 38. Rxb3 Rxb3 39. Ra1 Rb6 40. Ra2 Rg6 41. g3 Ke7 42. d4 Rb6 43. Kc3 Kd6 44. Kc4 Rc6+ 45. Kd3 Rb6 46.
Kc4 Rc6+ 47. Kd3 1/2-1/2

[Event "Allsvenskan Div I 3 2023/2024: SS Manhem II - Team Pelaro Alingsas SS"]
[Site "Goteborgs schackcentrum, Vegatan 20, Gothenburg, Sweden"]
[Date "2023.10.22"]
[Round "1.5"]
[White "Dahlgren, Jonas"]
[Black "Krantz, Martin"]
[Result "1/2-1/2"]
[TimeControl "90 minutes for 40 moves + 30 minutes for the rest of the game + 30 seconds per move from move one."]
[WhiteFideId "1723910"]
[BlackFideId "1724100"]
[WhiteElo "1988"]
[BlackElo "2007"]

1. e4 c5 2. Nc3 Nc6 3. Bb5 Nd4 4. Bc4 g6 5. Nf3 Bg7 6. Nxd4 cxd4 7. Qf3 e6 8. Nb5 d6 9. Qa3 Be5 10.
O-O a6 11. f4 Bd7 12. Nxd6+ Bxd6 13. Qxd6 Bc6 14. Qxd8+ Rxd8 15. d3 Ne7 16. Bd2 O-O 17. Be1 Kg7 18. Bh4 Rd7 19. g4 Ng8 20.
f5 exf5 21. gxf5 f6 22. Bxg8 Kxg8 23. fxg6 Rg7 24. Rf5 Rxg6+ 25. Kh1 Kf7 26. Rg1 Ke6 27. Bf2 Rd8 28. h4 Ba4 29. b3 Bc6 30.
Kh2 b6 31. Rh5 Rd7 32. Rxg6 hxg6 33. Rh6 Kf7 34. Rh7+ Ke6 35. Rxd7 Bxd7 36. Bxd4 b5 37. Kg3 Bc6 38. Kf4 Bd7 39.
c4 Bc6 40. Bc3 bxc4 41. bxc4 Bb7 42. Bb4 Bc6 43. a3 Bb7 44. Bc3 Ba8 45. e5 fxe5+ 46. Bxe5 Bg2 47. d4 Bf1 48. d5+ Ke7 49.
c5 Bg2 50. d6+ Kd7 51. Bd4 Bc6 52. Ke5 Bb7 53. Be3 Bc6 54. Kd4 Bf3 55. Kc4 Kc6 56. Kb4 Be2 57. Ka5 Bd3 58. a4 Be2 59.
d7 Kxd7 60. Kb6 Kc8 61. c6 Bd3 62. Bf4 Be2 63. Kc5 Bd3 64. Kd4 Bb1 65. Bd6 Bf5 66. Be5 Bb1 67. Kc3 Bf5 68. Kc4 Bb1 69.
Kc5 Bd3 70. Kb6 Be2 71. Ka7 Bd3 1/2-1/2

[Event "Allsvenskan Div I 3 2023/2024: SS Manhem II - Team Pelaro Alingsas SS"]
[Site "Goteborgs schackcentrum, Vegatan 20, Gothenburg, Sweden"]
[Date "2023.10.22"]
[Round "1.6"]
[White "Bengtsson, Siv"]
[Black "Petersson, Erik"]
[Result "1-0"]
[TimeControl "90 minutes for 40 moves + 30 minutes for the rest of the game + 30 seconds per move from move one."]
[WhiteFideId "1701673"]
[BlackFideId "1720210"]
[WhiteElo "1995"]
[BlackElo "1729"]

1. e4 c6 2. d4 d5 3. e5 Bf5 4. h4 h5 5. Bd3 Bxd3 6. Qxd3 e6 7. Bg5 Be7 8. Nf3 Nd7 9. O-O Qb6 10.
b3 Bxg5 11. hxg5 Ne7 12. c4 Qa6 13. Nbd2 Rd8 14. Rfc1 c5 15.
dxc5 Nxc5 16. Qc2 Nc6 17. g6 Rh6 18. gxf7+ Kxf7 19. a3 dxc4 20. Nxc4 Nd7 21. Rd1 Ke7 22. Qe4 h4 23. Qg4 Kf8 24.
Rd6 Qb5 25. Rad1 Ne7 26. Nd4 Qc5 27. Nxe6+ Rxe6 28. Qxe6 Nb8 1-0

[Event "Allsvenskan Div I 3 2023/2024: SS Manhem II - Team Pelaro Alingsas SS"]
[Site "Goteborgs schackcentrum, Vegatan 20, Gothenburg, Sweden"]
[Date "2023.10.22"]
[Round "1.7"]
[White "Holmgren, Matilda"]
[Black "Abrahamsson, Patrik"]
[Result "0-1"]
[TimeControl "90 minutes for 40 moves + 30 minutes for the rest of the game + 30 seconds per move from move one."]
[WhiteFideId "1768875"]
[BlackFideId "1716484"]
[WhiteElo "1114"]
[BlackElo "1929"]

1. f4 g6 2. Nf3 Bg7 3. e3 c5 4. Be2 Nc6 5. c3 Nf6 6. O-O O-O 7. d4 cxd4 8. cxd4 d5 9. Nc3 Bf5 10.
Bd3 Rc8 11. Qe2 Nb4 12. Bxf5 gxf5 13. a3 Nc6 14. Bd2 e6 15. Kh1 Ne7 16. h3 Ng6 17. Rg1 Ne4 18. Nxe4 fxe4 19. Nh2 Rc2 20.
b4 Qh4 21. Qe1 Qxe1 22. Bxe1 Re2 23. Nf1 Rc8 24. Bd2 Nxf4 25. Ra2 Nd3 26. Ng3 Rf2 27. Rf1 Rxf1+ 28. Nxf1 e5 29. dxe5 Bxe5 30. a4 f5 31. g3 Kf7 32.
b5 Ke6 33. Kg2 Kd6 34. h4 Ke6 35. Kh3 h5 36. Kg2 Rc4 0-1

[Event "Allsvenskan Div I 3 2023/2024: SS Manhem II - Team Pelaro Alingsas SS"]
[Site "Goteborgs schackcentrum, Vegatan 20, Gothenburg, Sweden"]
[Date "2023.10.22"]
[Round "1.8"]
[White "Lennerstad, Allan"]
[Black "Nowen, Linus"]
[Result "1-0"]
[TimeControl "90 minutes for 40 moves + 30 minutes for the rest of the game + 30 seconds per move from move one."]
[WhiteFideId "1723774"]
[BlackFideId "1747649"]
[WhiteElo "1923"]
[BlackElo "1667"]

1. d4 d6 2. c4 e5 3. d5 g6 4. Nc3 Bg7 5. e4 Ne7 6. Be3 f5 7. f3 Nd7 8. Qd2 O-O 9. Bh6 Nf6 10.
Bxg7 Kxg7 11. O-O-O Bd7 12. Bd3 f4 13. g3 Nh5 14. Nce2 Qb8 15. Bc2 b5 16. c5 dxc5 17. Qc3 Qb6 18.
Qxe5+ Qf6 19. Qxc7 fxg3 20. hxg3 Rad8 21. e5 Qg5+ 22. f4 Nxf4 23. gxf4 Qg2 24. Rh4 Nxd5 25. Qb7 Rf7 26. Qxd5 1-0